 Dungeon Crawl Stone Soup version 0.30-a0-782-ge64f9170bb (webtiles) character file.

Game seed: 13397570322005585879

476 theswoord the Chopper (level 6, 0/47 HPs)
             Began as a Demonspawn Monk on Feb 23, 2023.
             Slain by Dowan
             ... wielding a +0 dagger
              (1 damage)
             ... on level 4 of the Dungeon.
             The game lasted 00:05:02 (3621 turns).

theswoord the Chopper (Demonspawn Monk)             Turns: 3621, Time: 00:05:02

Health: 0/47       AC:  7    Str: 10 (13) XL:     6   Next: 85%
Magic:  6/6        EV:  8    Int:  9 (12) God:
Gold:   181        SH:  0    Dex: 12 (15) Spells: 5/5 levels left

rFire   + . .      SeeInvis .    a - +1 hand axe
rCold   + . .      Faith    .    (no shield)
rNeg    . . .      Spirit   .    t - +0 scale mail
rPois   +          Reflect  .    (helmet restricted)
rElec   +          Harm     .    (no cloak)
rCorr   +          Rampage  .    (no gloves)
Will    .....                    o - +0 pair of boots Stlth
                                 (no amulet)
HPRegen 0.27/turn                (no ring)
MPRegen 0.10/turn                (no ring)

@: brilliant, resistant, flying, hasted, very quick
A: horns 1, powered by death 1
a: no special abilities


You were on level 4 of the Dungeon.
You visited 1 branch of the dungeon, and saw 4 of its levels.
You also visited: Sewer.

You collected 181 gold pieces.

Inventory:

Hand Weapons
 a - a +1 hand axe (weapon)
 h - a +2 whip of distortion
Armour
 b - a +0 robe
 e - a +1 robe of resistance
 o - a +0 pair of boots (worn)
 p - a +0 plate armour
 t - a +0 scale mail (worn)
Scrolls
 k - a scroll of blinking
 n - 3 scrolls of identify
 q - 2 scrolls of enchant weapon
 v - a scroll of fog
Potions
 c - a potion of ambrosia
 f - a potion of invisibility
 g - a potion of brilliance
 i - 2 potions of flight
 j - 2 potions of resistance
 m - 3 potions of degeneration
 r - a potion of might {unknown}
 s - a potion of attraction {unknown}
 u - a potion of magic {unknown}
 w - a potion of mutation {unknown}


   Skills:
 - Level 3.0 Fighting
 + Level 7.1 Axes
 - Level 2.6 Dodging
 - Level 1.7 Stealth


You had 5 spell levels left.
You didn't know any spells.
Your spell library contained the following spells:

 Spells                   Type           Power      Damage    Failure   Level
 Sting                    Tmut/Pois      0%         1d3       96%         1
 Ensorcelled Hibernation  Hex/Ice        0%         N/A       99%         2
 Passwall                 Tmut/Erth      0%         N/A       99%         2
 Poisonous Vapours        Pois/Air       0%         N/A       99%         2
 Sublimation of Blood     Necr           0%         N/A       99%         2
 Wereblood                Tmut           0%         N/A       99%         2
 Ozocubu's Armour         Ice            0%         N/A       100%        3
 Swiftness                Air            0%         N/A       100%        3
 Olgreb's Toxic Radiance  Pois           0%         N/A       100%        4
 Petrify                  Tmut/Erth      0%         N/A       100%        4
 Irradiate                Conj/Tmut      0%         3d11      100%        5
 Metabolic Englaciation   Hex/Ice        0%         N/A       100%        5
 Simulacrum               Ice/Necr       0%         N/A       100%        6
 Summon Hydra             Summ           0%         N/A       100%        7


Dungeon Overview and Level Annotations

Branches:
Dungeon (4/15)              Sewer (visited)
 Temple: D:4-7

Altars:
Uskayaw

Shops:
D:2 ?

Annotations:
D:4 Dowan


Innate Abilities, Weirdness & Mutations

You have a pair of small horns on your head.
You regenerate a little health from kills.


Message History

You closely miss Duvessa. You headbutt Duvessa, but do no damage.
You hit Dowan. Duvessa barely misses you. Dowan hits you but does no damage.
You hit Duvessa. You headbutt Duvessa, but do no damage.
You closely miss Dowan. You hit Duvessa. You hit Dowan.
Duvessa hits you with a +0 short sword.
* * * LOW HITPOINT WARNING * * *
Dowan hits you but does no damage.
You catch the helpless Duvessa completely off-guard!
You hit Duvessa. You headbutt Duvessa. You hit Dowan but do no damage.
Duvessa says, "Where magic fails, the sword succeeds!"
Duvessa closely misses you. Dowan hits you but does no damage.
You hit Duvessa.
You kill Duvessa!
Dowan's eyes darken. "You have made a black mistake."
You closely miss Dowan.
Your Axes skill increases to level 7!
You miss Dowan. Dowan closely misses you.
You barely miss Dowan. You headbutt Dowan, but do no damage.
You flicker back into view.
Dowan seems to find hidden reserves of power!
Dowan hits you with a +0 dagger.
* * * LOW HITPOINT WARNING * * *
You closely miss Dowan.
Dowan points at you and mumbles some strange words.
The stone arrow misses you.
You barely miss Dowan.
Dowan says, "Her death will not be in vain!"
Dowan hits you with a +0 dagger.
* * * LOW HITPOINT WARNING * * *
It was a potion of degeneration.
There was something very wrong with that liquid.
You feel weakened.
You feel dopey.
You feel clumsy. Dowan casts a spell at you. The shard of ice hits you!
You partially resist.
* * * LOW HITPOINT WARNING * * *
You miss Dowan. You slash Dowan!
Dowan breathes, "And she was my only..."
Dowan hits you with a +0 dagger.
You die...

~~..~..~..~..~~ .
~~~..~).~~...~ #
. #.~..~.......#
.# .
#..~~........#
... .
#............#...
.#
..$............
.##....#..##).#
....##....e@<#
##.#.....###.##
....###†# #.# #
##.## #.# #.#
#.#.##...###.#
#.# #...........#
#.# #####...#####
#$# ##.## #.# #.#


You could see Dowan (fast).

Vanquished Creatures
  Duvessa (D:4)
  A scorpion (D:4)
  A hound (D:3)
  Robin (D:4)
  16 adders
  3 river rats
  4 worms
  A dart slug (D:2)
  3 orcs (D:4)
  A bat (D:2)
  5 endoplasms
  4 giant cockroaches
  19 goblins
  6 hobgoblins
  4 jackals (D:1)
  10 kobolds
  A quokka (D:1)
  2 ball pythons
  10 frilled lizards
  10 rats
103 creatures vanquished.

Vanquished Creatures (others)
  A fungus (D:2)
1 creature vanquished.

Grand Total: 104 creatures vanquished

Notes
Turn   | Place    | Note
-------+----------+-------------------------------------------
     0 | D:1      | theswoord the Demonspawn Monk began the quest for the Orb.
     0 | D:1      | Reached XP level 1. HP: 18/18 MP: 1/1
    58 | D:1      | Reached skill level 3 in Axes
   205 | D:1      | Gained mutation: You regenerate a little health from kills.
                  | [demonic ancestry]
   205 | D:1      | Reached XP level 2. HP: 22/24 MP: 2/2
   721 | D:2      | Reached XP level 3. HP: 11/29 MP: 3/3
   818 | D:2      | Found Cuttecan's Magic Scroll Boutique.
   895 | D:2      | Reached skill level 4 in Axes
  1726 | D:3      | Gained mutation: You have a pair of small horns on your
                  | head. [demonic ancestry]
  1726 | D:3      | Reached XP level 4. HP: 29/35 MP: 4/4
  1994 | D:3      | Reached skill level 5 in Axes
  1998 | D:3      | Found a glowing drain.
  2010 | Sewer    | Entered a sewer
  2056 | Sewer    | Reached XP level 5. HP: 38/41 MP: 5/5
  2724 | D:3      | Reached skill level 6 in Axes
  2857 | D:3      | Found a hide-covered altar of Uskayaw.
  3286 | D:4      | Noticed Robin
  3292 | D:4      | Reached XP level 6. HP: 47/47 MP: 6/6
  3299 | D:4      | Killed Robin
  3507 | D:4      | Noticed Dowan
  3509 | D:4      | Noticed Duvessa
  3614 | D:4      | Killed Duvessa
  3615 | D:4      | Reached skill level 7 in Axes
  3619 | D:4      | HP: 1/47 [Dowan/shard of ice (16)]
  3621 | D:4      | Slain by Dowan

Skill      XL: |  1  2  3  4  5  6 |
---------------+-------------------+-----
Axes           | 3 4 5 6 7 |  7.1
Fighting       | |  3.0
Dodging        | |  2.6
Stealth        | |  1.7

Action                     |  1- 3 |  4- 6 || total
---------------------------+-------+-------++-------
  Melee: Hand axe          |   139 |   232 ||   371
         Punch             |     1 |     3 ||     4
         Headbutt          |       |    45 ||    45
    Use: Scroll            |     7 |     3 ||    10
         Potion            |       |     8 ||     8
   Stab: Sleeping          |     3 |       ||     3
         Invisible         |       |     8 ||     8
 Armour: Robe              |    31 |       ||    31
         Plate armour      |    18 |   130 ||   148
         Scale mail        |       |    35 ||    35
  Dodge: Dodged            |    87 |    56 ||   143

Levels and vault maps discovered:
D:1:      minmay_arrival_floating_metal, layout_rooms
D:2:      layout_basic, serial_shops, nicolae_shop_statue_plus,
          uniq_crazy_yiuf_cottage
D:3:      layout_loops_corners, lemuel_doored_altar, serial_co_window_serial,
          co_window_paths_a, co_window_of_opportunity_a, co_window_paths_a,
          co_window_corner_a, co_window_paths_a, co_window_corner_a,
          co_window_paths_a, co_window_paths_b, co_window_paths_a,
          co_window_broadway_a, co_window_broadway_b, co_window_broadway_c,
          co_window_broadway_b, glass_columns_a, lightli_sewer_entry_pipes,
          kennysheep_generic_room_15
D:4:      cheibrodos_helix_gallery, layout_loops_ring, hangedman_decor_push,
          uniq_duvessa, uniq_robin, uniq_grinder, uniq_sigmund
